 Dungeon Crawl Stone Soup version 0.18.1-48-g4cf74bf (webtiles) character file.

145 atgrul the Poker (level 5, -4/42 HPs)
             Began as a Merfolk Skald on Aug 14, 2016.
             Slain by a scorpion (7 damage)
             ... on level 4 of the Dungeon.
             The game lasted 00:10:09 (3752 turns).

atgrul the Poker (Merfolk Skald)                    Turns: 3752, Time: 00:10:10

Health: -4/42      AC:  3    Str: 14    XL:     5   Next: 27%
Magic:  6/8        EV: 11    Int: 11    God:
Gold:   251        SH:  0    Dex: 13    Spells: 1 memorised, 7 levels left

rFire  . . .     SeeInvis .     a - +0 spear
rCold  . . .     Gourm    .     b - +0 leather armour
rNeg   + . .     Faith    .     (no shield)
rPois  .         Spirit   .     (no helmet)
rElec  .         Dismiss  .     (no cloak)
rCorr  .         Reflect  .     (no gloves)
SustAt .         Harm     .     (no boots)
MR     .....                    (no amulet)
Stlth  ..........               v - ring of positive energy
                                m - ring of loudness (curse)

@: lethally poisoned (-4 -> -19), infused (expiring), not resistant to hostile
enchantments, extremely unstealthy
A: change form in water, swift swim
a: no special abilities


You were on level 4 of the Dungeon.
You were not hungry.

You visited 1 branch of the dungeon, and saw 4 of its levels.

You collected 251 gold pieces.

Inventory:

Hand Weapons
 a - a +0 spear (weapon)
Armour
 b - a +0 leather armour (worn)
 f - a +0 leather armour
Jewellery
 m - a cursed ring of loudness (left hand)
 v - a ring of positive energy (right hand)
Scrolls
 g - a scroll of fear {unknown}
 o - a scroll of teleportation
 p - a scroll of immolation {unknown}
 q - a scroll of noise
 r - a scroll of magic mapping {unknown}
 t - a scroll of recharging
 x - a scroll of remove curse {unknown}
Potions
 e - a potion of degeneration
 i - 2 potions of flight
 j - a potion of lignification {unknown}
 k - a potion of invisibility {unknown}
 l - a potion of heal wounds
Books
 c - a book of Battle

   Spells                             Type                      Level
   a - Infusion                       Charms                       1
   b - Shroud of Golubria             Charms/Translocation         2
   c - Song of Slaying                Charms                       2
   d - Spectral Weapon                Hexes/Charms                 3
   e - Regeneration                   Charms/Necromancy            3
Comestibles
 d - 3 bread rations
 h - 2 beef jerkies
 n - 6 chunks of flesh
 w - a slice of pizza


   Skills:
 + Level 3.8 Fighting
 - Level 5.0 Polearms
 - Level 0.6 Armour
 - Level 1.3 Dodging
 - Level 0.5 Stealth
 - Level 2.0 Spellcasting
 + Level 4.4 Charms


You had 7 spell levels left.
You knew the following spells:

 Your Spells              Type           Power        Failure   Level  Hunger
a - Infusion              Chrm           ##..         10%         1    ##.....


Dungeon Overview and Level Annotations

Branches:
Dungeon (4/15)
 Temple: D:4-7

Altars:


Message History

The scorpion is heavily wounded.
You feel sick.
You closely miss the scorpion.
The scorpion is heavily wounded.
You feel sick. The scorpion stings you.
You hit the scorpion but do no damage.
The scorpion is heavily wounded.
You feel sick. The scorpion stings you!
* * * LOW HITPOINT WARNING * * *
You are more poisoned.
The scorpion poisons you!
You closely miss the scorpion.
The scorpion is heavily wounded.
* * * LOW HITPOINT WARNING * * *
You feel sick. The scorpion barely misses you.
You barely miss the scorpion.
The scorpion is heavily wounded.
* * * LOW HITPOINT WARNING * * *
You feel sick. The scorpion stings you!
You die...

#.......###......
#.#.##.##.###.รท####
#.#.##.##..........
#.#................
#.#.##.##.###..##.#
#######.#.#..##[#
#..# .#
..........#..##.#
#.... #
............###.#
#..##.
####.@s...........#
# #.###.###.###...
.........##.# #.#
............# #.#
####.........
###########


You could see a scorpion.

Vanquished Creatures
  2 adders (D:2)
  An ooze (D:2)
  2 worms (D:2)
  12 dart slugs
  3 giant geckos
  2 orcs
  4 giant cockroaches
  4 hobgoblins
  9 jackals
  2 quokkas
  A ball python (D:4)
  10 bats
  A giant gecko skeleton (D:4)
  4 giant newts
  11 goblins
  10 kobolds
  10 rats
88 creatures vanquished.

Notes
Turn   | Place    | Note
--------------------------------------------------------------
     0 | D:1      | atgrul the Merfolk Skald began the quest for the Orb.
     0 | D:1      | Reached XP level 1. HP: 16/16 MP: 3/3
   149 | D:1      | Reached skill level 4 in Polearms
   149 | D:1      | Reached XP level 2. HP: 17/22 MP: 5/5
   853 | D:1      | Reached XP level 3. HP: 25/27 MP: 6/6
   961 | D:1      | Reached skill level 5 in Polearms
  1795 | D:2      | Reached XP level 4. HP: 16/34 MP: 7/7
  3040 | D:3      | Reached XP level 5. HP: 41/41 MP: 8/8
  3752 | D:4      | Slain by a scorpion

Skill      XL: |  1  2  3  4 |
---------------+-------------+-----
Polearms       | 4 5 |  5.0
Charms         | 4 |  4.4
Fighting       | 3 |  3.8
Armour         | |  0.6
Dodging        | |  1.3
Stealth        | |  0.5
Spellcasting   | |  2.0

Action                   |  1- 3 |  4- 6 || total
-------------------------+-------+-------++-------
Melee: Spear             |   154 |   242 ||   396
       Tailslap          |       |     3 ||     3
 Cast: Infusion          |       |     2 ||     2
  Use: Potion            |     2 |     3 ||     5
       Scroll            |       |     6 ||     6
 Stab: Sleeping          |     1 |       ||     1
  Eat: Chunk             |     2 |     7 ||     9
Armor: Leather armour    |    34 |    40 ||    74
Dodge: Dodged            |    78 |    92 ||   170
